 Dungeon Crawl Stone Soup version 0.32-a0-995-gb4a59205af (webtiles) character file.

Game seed: 4668182393830579379

320103 mitch45678 the Peltast (level 19, -2/179 HPs)
             Began as a Mountain Dwarf Enchanter on Apr 22, 2024.
             Was the Champion of Okawaru.
             Killed from afar by an ironbound thunderhulk (34 damage)
             ... with a bolt of lightning
             ... on level 3 of the Vaults.
             The game lasted 04:16:05 (32849 turns).

mitch45678 the Peltast (Mountain Dwarf Enchanter)  Turns: 32849, Time: 04:16:06

Health: -2/179     AC: 38    Str: 22    XL:     19   Next: 93%
Magic:  21/21      EV: 15    Int: 19    God:    Okawaru [******]
Gold:   1492       SH: 31    Dex: 13    Spells: 6/21 levels left

rFire   . . .        a - +8 broad axe (heavy) {evokable Blink}
rCold   + . .        S - +8 tower shield {reflect}
rNeg    + . .        p - +8 scale mail "Ingyes" {Rampage rPois MP-9 Stlth+}
rPois   +            I - +1 helmet {SInv}
rElec   .            e - +2 cloak "Oddooh" {Str+2 Slay+5}
rCorr   .            k - +1 pair of gloves {Dex+3}
SInv    +            P - +2 pair of boots of Teerghuh {+Blink rPois Int+4}
Will    +....        R - amulet of regeneration
Stlth   ++           C - ring of Tender Moments {rC+ AC+4 Slay+2 Stlth-}
HPRegen 1.29/turn    N - ring of positive energy
MPRegen 0.17/turn

%: reflection, rampage
@: heroic, studying Short Blades
A: runic magic, artefact enchanting
}: 2/15 runes: serpentine, barnacled
a: Renounce Religion, Evoke Blink, Heroism, Finesse, Duel, Receive Weapon


You were on level 3 of the Vaults.
You worshipped Okawaru.
Okawaru was exalted by your worship.
You visited 8 branches of the dungeon, and saw 36 of its levels.
You also visited: Gauntlet.

You collected 3825 gold pieces.
You spent 2333 gold pieces at shops.


Innate Abilities, Weirdness & Mutations

Your spellcasting is much less encumbered by armour.
You can use scrolls of enchantment on lesser artefacts.


   Skills:
 - Level 18.0(23.0) Fighting
 - Level 1.0(6.0) Short Blades
 - Level 18.1(23.3) Axes
 - Level 4.4(17.6) Maces & Flails
 - Level 3.0(8.0) Throwing
 - Level 18.1(23.1) Armour
 - Level 9.0(14.0) Dodging
 - Level 2.1(7.1) Stealth
 + Level 19.8(24.8) Shields
 - Level 1.7 Spellcasting
 - Level 3.0 Hexes
 - Level 1.0 Ice Magic
 - Level 15.0 Invocations
 - Level 3.0 Evocations


You had 6 spell levels left.
You knew the following spells:

 Your Spells              Type           Power      Damage    Failure   Level
a - Ensorcelled Hibernat  Hex/Ice        18%        N/A       16%         2
b - Slow                  Hex            52%        N/A       7%          1
c - Confusing Touch       Hex            13%        N/A       21%         3
d - Fugue of the Fallen   Necr           1%         N/A       56%         3
e - Apportation           Tloc           2%         N/A       22%         1
S - Silence               Hex/Air        3%         N/A       98%         5

Your spell library contained the following spells:

 Spells                   Type           Power      Damage    Failure   Level
 Jinxbite                 Hex            26%        N/A       10%         2
 Kiss of Death            Conj/Necr      4%         2d5       22%         1
 Magic Dart               Conj           4%         1d3       22%         1
 Necrotise                Necr           4%         1d4       22%         1
 Sting                    Conj/Alch      4%         1d3       22%         1
 Blink                    Tloc           2%         N/A       34%         2
 Cigotuvi's Dreadful Rot  Necr/Alch/Air  2%         N/A       34%         2
 Lesser Beckoning         Tloc           2%         N/A       34%         2
 Dazzling Flash           Conj/Hex       14%        N/A       36%         3
 Inner Flame              Hex/Fire       7%         N/A       36%         3
 Ozocubu's Armour         Ice            5%         N/A       41%         3
 Maxwell's Portable Pile  Tloc           1%         2d(5-13)  56%         3
 Mephitic Cloud           Conj/Alch/Air  1%         N/A       56%         3
 Stone Arrow              Conj/Erth      2%         3d7       56%         3
 Teleport Other           Tloc           1%         N/A       56%         3
 Vampiric Draining        Necr           1%         2d6       56%         3
 Volatile Blastmotes      Fire/Tloc      2%         2d10      56%         3
 Anguish                  Hex/Necr       3%         N/A       77%         4
 Brom's Barrelling Bould  Conj/Erth      1%         2d3       92%         4
 Dispel Undead            Necr           1%         3d6       92%         4
 Flame Wave               Conj/Fire      1%         2d4       92%         4
 Ignite Poison            Fire/Alch      1%         N/A       92%         4
 Leda's Liquefaction      Alch/Erth      0%         N/A       92%         4
 Sticky Flame             Fire/Alch      1%         2d4       92%         4
 Vhi's Electric Charge    Tloc/Air       2%         N/A       92%         4
 Yara's Violent Unravell  Hex/Alch       3%         3d4       98%         5
 Alistair's Intoxication  Alch           0%         N/A       99%         5
 Curse of Agony           Necr           1%         N/A       99%         5
 Freezing Cloud           Conj/Ice/Air   1%         6-21      99%         5
 Lee's Rapid Deconstruct  Erth           0%         3d4*      99%         5
 Bombard                  Conj/Erth      0%         9d1       100%        6
 Dispersal                Tloc           0%         N/A       100%        6
 Gell's Gavotte           Tloc           0%         2d(11-16) 100%        6
 Permafrost Eruption      Ice/Erth       1%         2x4d2     100%        6
 Starburst                Conj/Fire      0%         6d3       100%        6
 Manifold Assault         Tloc           0%         N/A       100%        7
 Orb of Destruction       Conj           0%         9d5       100%        7
 Fulsome Fusillade        Conj/Alch      0%         (3-5)d4   100%        8
 Lehudib's Crystal Spear  Conj/Erth      0%         10d2      100%        8
 Tukima's Dance           Hex            Unusable   N/A       N/A         3
 Summon Small Mammal      Summ           Unusable   N/A       N/A         1
 Call Imp                 Summ           Unusable   N/A       N/A         2
 Animate Armour           Summ/Erth      Unusable   N/A       N/A         4
 Martyr's Knell           Necr/Summ      Unusable   N/A       N/A         4
 Summon Blazeheart Golem  Fire/Summ      Unusable   N/A       N/A         4
 Seismic Cannonade        Alch/Erth      Unusable   6d4       N/A         7
 Spellforged Servitor     Conj/Summ      Unusable   N/A       N/A         7

Inventory:

Hand Weapons
 a - a +8 heavy broad axe (weapon) {evokable Blink}
   (You bought it in a shop on level 10 of the Dungeon)
 E - the +7 rapier "Juateoc" {pain, rElec Will++ rCorr Str-2}
   (You found it on level 2 of the Snake Pit)

   Str-2:     It affects your strength (-2).
   rElec:     It insulates you from electricity.
   Will++:    It greatly increases your willpower.
   rCorr:     It protects you from acid and corrosion.
Missiles
 d - 33 poisoned darts
 h - 5 curare-tipped darts (quivered)
 s - 43 boomerangs
 w - 21 javelins
 X - 11 throwing nets
 Z - 33 silver javelins
Armour
 e - the +2 cloak "Oddooh" (worn) {Str+2 Slay+5}
   (You found it in a Gauntlet)

   Str+2:     It affects your strength (+2).
   Slay+5:    It affects your accuracy & damage with ranged weapons and melee
   (+5).
 f - a +3 plate armour of fire resistance
   (You took it off an orc knight on level 2 of the Orcish Mines)
 k - a +1 pair of gloves of dexterity (worn)
   (You found it on level 3 of the Vaults)
 m - the scarf "Mefuph" {repulsion, Fly Int-5 Dex+3}
   (Okawaru gifted it to you on level 1 of the Snake Pit)

   Int-5:     It affects your intelligence (-5).
   Dex+3:     It affects your dexterity (+3).
   Fly:       It grants you flight.
 p - the +8 scale mail "Ingyes" (worn) {Rampage rPois MP-9 Stlth+}
   (You found it on level 14 of the Dungeon)

   rPois:     It protects you from poison.
   MP-9:      It affects your magic capacity (-9).
   Rampage:   It bestows one free step when moving towards enemies.
   Stlth+:    It makes you more stealthy.
 I - a +1 helmet of see invisible (worn)
   (You bought it in a shop on level 2 of the Orcish Mines)
 P - the +2 pair of boots of Teerghuh (worn) {+Blink rPois Int+4}
   (You found it on level 15 of the Dungeon)

   Int+4:     It affects your intelligence (+4).
   rPois:     It protects you from poison.
   +Blink:    It lets you blink.
 S - a +8 tower shield of reflection (worn)
   (You took it off a naga warrior on level 1 of the Snake Pit)
Jewellery
 c - the amulet of Tuloam {Reflect rPois Str+3 Dex+4 SH+5 Stlth+}
   (You found it on level 4 of the Shoals)

   [amulet of reflection]

   Reflect:   It reflects blocked missile attacks.
   Str+3:     It affects your strength (+3).
   Dex+4:     It affects your dexterity (+4).
   rPois:     It protects you from poison.
   SH+5:      It affects your SH (+5).
   Stlth+:    It makes you more stealthy.
 q - a +5 ring of evasion
   (You took it off a vault sentinel on level 2 of the Vaults)
 C - the ring of Tender Moments (left hand) {rC+ AC+4 Slay+2 Stlth-}
   (You found it on level 12 of the Dungeon)

   [ring of protection]

   AC+4:      It affects your AC (+4).
   Slay+2:    It affects your accuracy & damage with ranged weapons and melee
   (+2).
   rC+:       It protects you from cold.
   Stlth-:    It makes you less stealthy.
 F - a ring of protection from fire
   (You found it in a Gauntlet)
 N - a ring of positive energy (right hand)
   (You found it on level 2 of the Snake Pit)
 R - an amulet of regeneration (around neck)
   (You found it on level 12 of the Dungeon)
 T - a ring of flight
   (You found it on level 4 of the Dungeon)
 V - a +5 ring of evasion
   (You found it on level 3 of the Shoals)
 W - a ring of willpower
   (You found it on level 8 of the Dungeon)
Wands
 A - a wand of mindburst (24)
   (You found it on level 4 of the Dungeon)
 H - a wand of flame (63)
   (You took it off an orc on level 6 of the Dungeon)
 K - a wand of quicksilver (29)
   (You found it on level 8 of the Dungeon)
 U - a wand of iceblast (24)
   (You found it on level 8 of the Dungeon)
Scrolls
 i - 3 scrolls of poison {!r}
 r - 2 scrolls of blinking
 t - 16 scrolls of teleportation
 y - 6 scrolls of fear
 D - 5 scrolls of silence
 G - 2 scrolls of revelation
 J - 4 scrolls of enchant armour
 Q - 3 scrolls of fog
Potions
 g - 6 potions of haste
 j - 11 potions of curing
 l - 6 potions of heal wounds
 n - 4 potions of invisibility
 u - 6 potions of might
 v - a potion of resistance
 x - a potion of cancellation
 z - 7 potions of enlightenment
 B - 8 potions of attraction {!q}
 L - 2 potions of berserk rage
 M - 3 potions of mutation {!q}
 O - a potion of ambrosia
 Y - 3 potions of magic
Miscellaneous
 b - a tin of tremorstones (2/2)
   (You found it on level 3 of the Vaults)

Dungeon Overview and Level Annotations

Branches:
Dungeon (15/15)            Temple (1/1) D:5            Lair (5/5) D:8
 Shoals (4/4) Lair:2        Snake (4/4) Lair:2        Slime (0/5) Lair:5
    Orc (2/2) D:10            Elf (2/3) Orc:2        Vaults (3/5) D:14
 Depths (0/4) D:15        Gauntlet (visited)
  Crypt: Vaults:2-3

Altars:
Ashenzari
Cheibriados
Dithmenos
Elyvilon
Fedhas
Gozag
Hepliaklqana
Kikubaaqudgha
Makhleb
Nemelex Xobeh
Okawaru
Qazlal
Ru
Sif Muna
Trog
Uskayaw
Vehumet
Wu Jian
Xom
Yredelemnul
Zin
The Shining One
Beogh
Lugonu

Shops:
D:6 *   D:10 :(*=*   D:11 (:   D:15 (?:?[   Orc:2 =*[*   Elf:1 *   Shoals:2 [
Shoals:3 (   Snake:3 =[(   Snake:4 *(((   Vaults:1 :   Vaults:2 !*

Portals:
Pandemonium: Orc:2

Annotations:
D:15 Roxanne
Lair:1 2 transporters, Esmeeq's ghost, journeyman GnSu
Lair:5 exclusion: 4 oklob plants
Snake:2 2 transporters, Usydixif's ghost, adept MDNe
Vaults:3 3 runed translucent doors


Message History

You die...

You could see an ironbound thunderhulk and a death knight (reflects damage).

Vanquished Creatures
  Vashnia (Snake:3)
  Saint Roka (Snake:2)
  Jorgrun (D:13)
  Rupert (D:14)
  2 sphinxes
  Polyphemus (Shoals:2)
  Frances (Snake:1)
  Aizul (Snake:1)
  7 nagarajas
  Ilsuiw (Shoals:2)
  A vault warden (Vaults:1)
  2 deep elf sorcerers
  9 ironbound preservers
  A formless jellyfish (Shoals:4)
  The ghost of rbyellow5 the Black Belt, a journeyman OpFi of Ashenzari (D:15)
  Nessos (D:14)
  A deep elf demonologist (Vaults:2)
  A dire elephant (Vaults:2)
  2 minotaurs
  6 merfolk impalers
  8 merfolk javelineers
  A quicksilver dragon zombie (D:15)
  4 yaktaur captains
  An entropy weaver (Vaults:3)
  2 vault guards (D:14)
  12 great orbs of eyes
  A spectral kraken (Shoals:4)
  7 hydras
  An ogre mage (D:15)
  The ghost of Livid the Nimble, a journeyman FeSh (Lair:4)
  A peacekeeper (Vaults:3)
  2 salamander tyrants
  9 centaur warriors
  3 ironbound frosthearts
  13 anacondas
  4 boulder beetles
  A death knight (Vaults:2)
  2 death yaks (Shoals:1)
  2 ghost crabs (Shoals:4)
  A catoblepas (Shoals:1)
  5 merfolk aquamancers
  A tengu warrior (D:13)
  7 two-headed ogres
  4 dancing weapons (Elf:1)
  A satyr (Shoals:3)
  6 orc high priests
  19 naga sharpshooters
  6 shock serpents
  5 deep elf knights
  A sun demon (Orc:2)
  20 naga warriors
  3 salamander mystics
  7 skeletal warriors
  A fire crab (Lair:4)
  5 skysharks
  6 sea snakes
  3 deep elf archers (Elf:1)
  An orange crystal statue (Gauntlet)
  A spark wasp zombie (D:15)
  4 arcanists
  34 deep trolls
  A thermic dynamo (Elf:1)
  A flayed ghost (D:15)
  6 naga ritualists
  6 mana vipers
  3 necromancers
  6 orc knights
  10 ironbound convokers
  4 lindwurms
  An obsidian bat (Orc:1)
  23 harpies
  7 deep elf pyromancers
  9 deep elf zephyrmancers (Elf:1)
  4 ugly things
  10 fauns
  15 manticores
  6 meliai
  14 elephants
  8 cyclopes
  8 orc sorcerers (Orc:2)
  11 salamanders
  10 merfolk sirens
  42 black mambas
  6 guardian serpents
  A gargoyle (D:10)
  13 vault sentinels
  6 water nymphs
  2 torpor snails (Lair:5)
  14 cane toads
  18 naga magi
  A rust devil (Orc:2)
  2 freezing wraiths
  2 rime drakes
  3 efreet
  Jeremiah (D:9)
  Maggie (D:7)
  23 yaktaurs
  7 komodo dragons
  2 tengu conjurers
  3 spectral merfolk (Shoals:4)
  A spectral water nymph (Shoals:4)
  4 wind drakes
  24 merfolk
  4 polar bears
  7 trolls
  5 hornets
  7 blink frogs
  10 snapping turtles
  5 dream sheep (Lair:5)
  A raiju (Gauntlet)
  2 shadows
  35 slime creatures
  A culicivora (shapeshifter) (D:13)
  6 water elementals
  14 spriggans (Lair:5)
  3 wyverns
  An air elemental (Elf:1)
  2 wraiths
  4 fire bats (Lair:2)
  A vampire (D:10)
  2 fire elementals (Elf:1)
  A fire bat (shapeshifter) (D:14)
  60 yaks
  4 basilisks
  18 humans (D:14)
  3 steam dragons
  2 chaos spawn (Orc:2)
  5 wargs
  2 redbacks (Vaults:3)
  Menkaure (D:4)
  11 vampire mosquitoes
  53 nagas
  23 water moccasins
  30 orc warriors
  An ice beast (D:6)
  4 black bears
  2 laughing skulls (D:15)
  8 ogres
  5 boggarts (Lair:5)
  26 wolves
  7 centaurs
  A phantom (D:5)
  8 bullfrogs
  3 kobold brigands
  7 gnoll sergeants
  An earth elemental (Elf:1)
  3 wights (D:6)
  6 killer bees (D:9)
  2 bombardier beetles
  8 howler monkeys
  3 lava snakes
  4 jellies
  11 hounds
  32 orc priests
  A gnoll bouda (D:6)
  A sleepcap (D:5)
  3 iguanas
  23 orc wizards
  2 hound zombies (D:3)
  38 gnolls
  4 adders
  A shadow imp (Gauntlet)
  2 ufetubi (D:7)
  3 adder zombies (D:3)
  4 dart slugs
  3 ribbon worms
  76 orcs
  6 endoplasms
  4 giant cockroaches
  5 goblins
  8 hobgoblins
  13 jackals
  3 quokkas
  5 ball pythons
  8 bats
  6 frilled lizards
  17 kobolds
  3 rats
  2 tentacles (Shoals:4)
1303 creatures vanquished.

Vanquished Creatures (others)
  A deep elf knight (Elf:1)
  A deep troll (Vaults:1)
  2 deep elf pyromancers (Elf:1)
  A merfolk (Shoals:4)
  An orc (D:8)
  2 tentacles (Shoals:4)
8 creatures vanquished.

Grand Total: 1311 creatures vanquished

Notes
Turn   | Place    | Note
-------+----------+-------------------------------------------
     0 | D:1      | mitch45678 the Mountain Dwarf Enchanter began the quest for
                  | the Orb.
     0 | D:1      | Reached XP level 1. HP: 14/14 MP: 3/3
   159 | D:1      | Reached skill level 1 in Fighting
   404 | D:1      | Reached XP level 2. HP: 23/24 MP: 4/4
   407 | D:1      | Learned a level 2 spell: Ensorcelled Hibernation
   409 | D:1      | Learned a level 1 spell: Slow
   445 | D:1      | Reached skill level 2 in Fighting
   674 | D:1      | Reached skill level 1 in Ice Magic
  1133 | D:2      | Reached skill level 1 in Maces & Flails
  1133 | D:2      | Reached XP level 3. HP: 29/29 MP: 2/5
  1313 | D:2      | Reached skill level 1 in Short Blades
  1726 | D:2      | Reached skill level 3 in Fighting
  1726 | D:2      | Reached skill level 2 in Maces & Flails
  1742 | D:2      | Reached XP level 4. HP: 30/38 MP: 2/6
  2177 | D:3      | Reached skill level 3 in Maces & Flails
  2776 | D:3      | Found a hide-covered altar of Uskayaw.
  2936 | D:3      | Found an ornate altar of the Wu Jian Council.
  3040 | D:4      | Reached XP level 5. HP: 42/45 MP: 7/7
  3070 | D:3      | Reached skill level 4 in Maces & Flails
  3132 | D:4      | Noticed Menkaure
  3183 | D:4      | Killed Menkaure
  3184 | D:4      | Reached skill level 3 in Axes
  3184 | D:4      | Reached XP level 6. HP: 45/51 MP: 8/8
  3315 | D:4      | Reached skill level 4 in Axes
  3563 | D:3      | HP: 11/51 [gnoll/+0 halberd (8)]
  3762 | D:3      | Reached skill level 5 in Axes
  4011 | D:4      | Found a glowing silver altar of Zin.
  4123 | D:4      | Found a radiant altar of Vehumet.
  4143 | D:4      | Found an iron altar of Okawaru.
  4292 | D:4      | Became a worshipper of Warmaster Okawaru
  4318 | D:5      | Entered Level 5 of the Dungeon
  4329 | D:4      | Reached skill level 6 in Axes
  4378 | D:5      | Reached XP level 7. HP: 51/57 MP: 9/9
  4477 | D:5      | Reached skill level 1 in Throwing
  4630 | D:5      | Found a staircase to the Ecumenical Temple.
  4748 | D:5      | Reached skill level 7 in Axes
  5047 | D:5      | Reached skill level 2 in Evocations
  5051 | D:5      | Reached * piety under Okawaru
  5052 | D:5      | Reached skill level 3 in Evocations
  5053 | D:5      | HP: 13/57 [poisoned by a water moccasin]
  5058 | D:5      | HP: 9/57 [poisoned by a water moccasin]
  5116 | D:5      | HP: 14/57 [iguana (6)]
  5207 | D:5      | Reached skill level 1 in Invocations
  5207 | D:5      | Reached XP level 8. HP: 40/63 MP: 7/10
  5367 | D:5      | Noticed a moth of wrath
  5370 | D:5      | Found a bloodstained altar of Trog.
  5394 | D:5      | Reached skill level 2 in Invocations
  5430 | Temple   | Entered the Ecumenical Temple
  5618 | D:5      | Reached skill level 3 in Invocations
  5684 | D:6      | Reached skill level 2 in Throwing
  5808 | D:6      | Reached skill level 4 in Invocations
  6103 | D:6      | Reached skill level 5 in Invocations
  6152 | D:6      | Reached skill level 1 in Shields
  6177 | D:6      | Reached ** piety under Okawaru
  6384 | D:6      | Reached skill level 2 in Shields
  6448 | D:6      | Reached skill level 3 in Throwing
  6448 | D:6      | Reached skill level 6 in Invocations
  6525 | D:6      | Found a shadowy altar of Dithmenos.
  6530 | D:6      | Reached skill level 3 in Shields
  6589 | D:6      | Found Naifaoma's Assorted Antiques.
  6613 | D:6      | HP: 14/63 [ice beast (8)]
  6669 | D:6      | Reached skill level 4 in Shields
  6733 | D:6      | Reached XP level 9. HP: 46/69 MP: 13/13
  7038 | D:6      | Reached skill level 5 in Shields
  7038 | D:6      | Reached skill level 8 in Axes
  7417 | D:8      | Noticed a two-headed ogre
  7417 | D:8      | Found a glowing golden altar of the Shining One.
  7447 | D:9      | Noticed Jeremiah
  7459 | D:9      | Killed Jeremiah
  7460 | D:9      | Reached skill level 9 in Axes
  7465 | D:9      | Reached skill level 4 in Fighting
  7797 | D:8      | Reached skill level 10 in Axes
  7826 | D:8      | Found a staircase to the Lair.
  8329 | D:7      | Reached skill level 5 in Fighting
  8362 | D:7      | Reached skill level 11 in Axes
  8448 | D:7      | Found a white marble altar of Elyvilon.
  8474 | D:7      | Noticed Maggie
  8485 | D:7      | Killed Maggie
  8580 | D:7      | Found a blossoming altar of Fedhas.
  8661 | D:7      | Found a shimmering blue altar of Sif Muna.
  8710 | D:7      | Reached XP level 10. HP: 81/81 MP: 14/14
  8916 | D:8      | Killed a two-headed ogre
  8917 | D:8      | Reached skill level 12 in Axes
  9057 | D:8      | HP: 17/83 [orc warrior/+0 flail (10)]
  9062 | D:8      | HP: 17/83 [orc warrior/+0 flail (2)]
  9179 | D:8      | Found a snail-covered altar of Cheibriados.
  9332 | D:8      | Found a sacrificial altar of Ru.
  9514 | D:9      | Reached skill level 6 in Fighting
  9614 | D:9      | Reached skill level 1 in Armour
  9620 | D:9      | HP: 19/83 [poisoned by a killer bee]
  9626 | D:9      | HP: 19/83 [poisoned by a killer bee]
  9628 | D:9      | Reached *** piety under Okawaru
  9631 | D:9      | HP: 13/83 [poisoned by a killer bee]
  9786 | D:9      | Identified the +2 pair of boots of the Thinker {-Tele
                  | Str+7}
  9894 | D:9      | Reached skill level 2 in Armour
  9899 | D:9      | Reached skill level 3 in Armour
  9913 | D:9      | Reached skill level 4 in Armour
  9925 | D:9      | Reached skill level 5 in Armour
 10077 | D:9      | Reached skill level 2 in Dodging
 10125 | D:9      | Found a shimmering altar of Xom.
 10403 | D:10     | Entered Level 10 of the Dungeon
 10418 | D:10     | Found Ismisiw's General Store.
 10421 | D:10     | Bought a +2 pair of gloves for 231 gold pieces
 10421 | D:10     | Bought a potion of might for 56 gold pieces
 10442 | D:10     | Found Vicwohegu's Antique Weapon Emporium.
 10443 | D:10     | Found an opulent altar of Gozag.
 10452 | D:10     | Bought a scorched flail for 221 gold pieces
 10452 | D:10     | Identified the +3 flail of the Exceptional God {holy, rPois
                  | Will+ Int+4 Dex-5} (You bought it in a shop on level 10 of
                  | the Dungeon)
 10493 | D:9      | Reached skill level 6 in Armour
 10512 | D:9      | Reached **** piety under Okawaru
 10571 | D:10     | Noticed a gargoyle
 10579 | D:10     | Killed a gargoyle
 10580 | D:10     | Reached skill level 7 in Armour
 10583 | D:10     | Found Hathack's Assorted Antiques.
 10632 | D:10     | HP: 20/83 [something (1)]
 10638 | D:10     | HP: 16/83 [something/magic dart (4)]
 10710 | D:10     | Found Qudan's Jewellery Boutique.
 10865 | Lair:1   | Entered Level 1 of the Lair of Beasts
 10865 | Lair:1   | Found a transporter.
 10865 | Lair:1   | Found a transporter.
 10917 | Lair:1   | Reached XP level 11. HP: 84/89 MP: 15/15
 10981 | Lair:1   | Noticed Esmeeq's ghost (journeyman GnSu)
 11093 | Lair:1   | Reached skill level 13 in Axes
 11164 | Lair:1   | Reached skill level 7 in Invocations
 11659 | Lair:1   | Reached skill level 7 in Fighting
 11826 | Lair:1   | Reached ***** piety under Okawaru
 11827 | Lair:1   | Reached skill level 8 in Invocations
 11988 | Lair:2   | Found a staircase to the Shoals.
 12143 | Lair:2   | Received a gift from Okawaru
 12249 | Lair:2   | Reached skill level 8 in Armour
 12327 | Lair:2   | Reached skill level 3 in Dodging
 12402 | Lair:2   | Found a staircase to the Snake Pit.
 12413 | Lair:2   | Reached skill level 8 in Fighting
 12542 | Lair:2   | Reached skill level 9 in Invocations
 12666 | Lair:2   | HP: 21/94 [poisoned by a black mamba]
 12670 | Lair:2   | HP: 9/95 [poisoned by a black mamba]
 12848 | Lair:2   | Reached skill level 9 in Armour
 12848 | Lair:2   | Reached XP level 12. HP: 56/103 MP: 18/18
 12911 | Lair:2   | Reached skill level 9 in Fighting
 12920 | Lair:2   | HP: 26/104 [yak (3)]
 12926 | Lair:2   | HP: 25/104 [blink frog (3)]
 12938 | Lair:2   | HP: 12/104 [yak (3)]
 13185 | D:10     | Found Qofuor's Book Shoppe.
 13203 | D:10     | Noticed a two-headed ogre
 13262 | D:10     | Killed a two-headed ogre
 13262 | D:10     | Received a gift from Okawaru
 13416 | D:9      | Reached skill level 10 in Armour
 13670 | Lair:3   | Noticed a four-headed hydra
 13678 | Lair:2   | Reached skill level 10 in Fighting
 13749 | Lair:3   | Reached skill level 14 in Axes
 13983 | Lair:2   | Found a shimmering altar of Xom.
 14136 | Lair:3   | Reached skill level 15 in Axes
 14164 | Lair:4   | Noticed a six-headed hydra
 14216 | Lair:5   | Entered Level 5 of the Lair of Beasts
 14242 | Lair:4   | Noticed Livid's ghost (journeyman FeSh)
 14245 | Lair:4   | Found a runed translucent gate.
 14245 | Lair:4   | Found a runed translucent gate.
 14245 | Lair:4   | Found a runed translucent gate.
 14247 | Lair:4   | Noticed a six-headed hydra
 14329 | Lair:4   | Received a gift from Okawaru
 14330 | Lair:4   | Reached skill level 16 in Axes
 14337 | Lair:4   | Noticed an anaconda
 14346 | Lair:4   | HP: 26/106 [anaconda (5)]
 14351 | Lair:4   | HP: 18/106 [anaconda (4)]
 14353 | Lair:4   | HP: 8/106 [constriction (4)]
 14355 | Lair:4   | Killed an anaconda
 14388 | Lair:4   | HP: 16/106 [water moccasin (4)]
 14397 | Lair:3   | HP: 13/106 [water moccasin (7)]
 14585 | D:10     | Bought a broad axe for 128 gold pieces
 14602 | D:9      | Learned a level 3 spell: Confusing Touch
 14606 | D:9      | Learned a level 3 spell: Fugue of the Fallen
 14612 | D:9      | Learned a level 5 spell: Silence
 14771 | Lair:5   | Reached XP level 13. HP: 81/113 MP: 19/19
 14876 | Lair:5   | Reached skill level 17 in Axes
 14884 | Lair:5   | Received a gift from Okawaru
 15216 | Lair:5   | Reached skill level 11 in Fighting
 15296 | Lair:5   | Reached skill level 12 in Fighting
 15304 | Lair:5   | HP: 18/118 [cane toad (17)]
 15359 | Lair:5   | Reached skill level 10 in Invocations
 15369 | Lair:5   | Received a gift from Okawaru
 15374 | Lair:5   | Got an earthy gem with 194 turns to spare
 15382 | Lair:5   | Got the Incunabulum of Glamourous Burning
 15695 | Lair:4   | HP: 24/118 [six-headed hydra (7)]
 15780 | Lair:3   | Reached skill level 6 in Shields
 15985 | Lair:3   | HP: 25/118 [skyshark (9)]
 15993 | Lair:3   | Reached skill level 7 in Shields
 16590 | Lair:5   | Found a staircase to the Slime Pits.
 16891 | D:6      | Bought a viscous yellow potion for 23 gold pieces
 17176 | D:10     | Received a gift from Okawaru
 17177 | D:10     | Reached skill level 8 in Shields
 17262 | D:10     | Found a staircase to the Orcish Mines.
 17408 | D:11     | Reached XP level 14. HP: 110/126 MP: 22/22
 17739 | D:11     | Found Sexifues's Weapon Emporium.
 17836 | D:11     | Found Riaddos's Book Shoppe.
 18046 | D:12     | Reached skill level 9 in Shields
 18109 | D:12     | Found a gate leading to a gauntlet.
 18261 | D:12     | Identified the ring of Tender Moments {rC+ AC+4 Slay+2
                  | Stlth-}
 18269 | D:12     | ring of Tender Moments <3>
                  | ERROR: string above had unterminated tag
 18359 | Gauntlet | Entered a Gauntlet
 18359 | Gauntlet | Found a transporter.
 18369 | Gauntlet | Found a transporter.
 18371 | Gauntlet | Found a transporter.
 18373 | Gauntlet | Found a transporter.
 18390 | Gauntlet | Found a transporter.
 18405 | Gauntlet | Found a transporter.
 18407 | Gauntlet | Found a large runed translucent door.
 18408 | Gauntlet | Found a large runed translucent door.
 18408 | Gauntlet | Noticed a cacodemon
 18409 | Gauntlet | Found a large runed translucent door.
 18409 | Gauntlet | Found a large runed translucent door.
 18411 | Gauntlet | Found a large runed translucent door.
 18412 | Gauntlet | Found a runed translucent door.
 18413 | Gauntlet | Found a transporter.
 18414 | Gauntlet | Found a runed translucent door.
 18415 | Gauntlet | Found a large runed translucent door.
 18415 | Gauntlet | Found a large runed translucent door.
 18415 | Gauntlet | Found a large runed translucent door.
 18416 | Gauntlet | Found a large runed translucent door.
 18417 | Gauntlet | Found a large runed translucent door.
 18422 | Gauntlet | Found a large runed translucent door.
 18422 | Gauntlet | Found a large runed translucent door.
 18423 | Gauntlet | Found a large runed translucent door.
 18423 | Gauntlet | Found a large runed translucent door.
 18423 | Gauntlet | Found a large runed translucent door.
 18423 | Gauntlet | Found a large runed translucent door.
 18427 | Gauntlet | Found a runed translucent gate.
 18427 | Gauntlet | Found a runed translucent gate.
 18427 | Gauntlet | Found a runed translucent gate.
 18427 | Gauntlet | Noticed a reaper
 18429 | Gauntlet | Found a transporter.
 18448 | Gauntlet | Found a transporter.
 18460 | Gauntlet | Found a transporter.
 18472 | Gauntlet | Found a transporter.
 18484 | Gauntlet | Found a transporter.
 18496 | Gauntlet | Found a transporter.
 18513 | Gauntlet | Found a transporter.
 18530 | Gauntlet | Found a transporter.
 18532 | Gauntlet | Found a transporter.
 18563 | Gauntlet | Found a transporter.
 18565 | Gauntlet | Found a transporter.
 18633 | Gauntlet | Identified the +0 cloak "Oddooh" {Str+2 Slay+5}
 18711 | Gauntlet | Reached skill level 10 in Shields
 18715 | Gauntlet | Identified the staff of Fragile Peace {^Contam rN+ Str+5
                  | SInv Necro}
 19139 | D:13     | Received a gift from Okawaru
 19153 | D:13     | Reached skill level 11 in Shields
 19238 | D:13     | Noticed Jorgrun
 19249 | D:13     | Killed Jorgrun
 19348 | D:13     | Reached skill level 12 in Shields
 19788 | D:14     | Reached skill level 11 in Invocations
 19810 | D:14     | Received a gift from Okawaru
 19824 | D:14     | Reached skill level 4 in Dodging
 19921 | D:14     | Noticed Nessos
 19927 | D:14     | Killed Nessos
 19927 | D:14     | Reached ****** piety under Okawaru
 19948 | D:14     | Noticed Rupert
 19966 | D:14     | Killed Rupert
 20150 | D:14     | Found a broken altar of Ashenzari.
 20160 | D:14     | Learned a level 1 spell: Apportation
 20231 | D:14     | Reached skill level 11 in Armour
 20267 | D:14     | Reached skill level 13 in Shields
 20335 | D:14     | Identified the +8 scale mail "Ingyes" {Rampage rPois MP-9
                  | Stlth+}
 20473 | D:14     | Received a gift from Okawaru
 20474 | D:14     | Found a gate to the Vaults.
 20488 | D:14     | Reached XP level 15. HP: 111/132 MP: 14/23
 20598 | D:15     | Entered Level 15 of the Dungeon
 20604 | D:15     | Reached skill level 5 in Dodging
 20711 | D:15     | Found a staircase to the Depths.
 20717 | D:15     | HP: 26/127 [flayed ghost/flay_damage (7)]
 20732 | D:15     | Reached skill level 14 in Shields
 20801 | D:15     | Found a runed translucent gate.
 20801 | D:15     | Found a runed translucent gate.
 20801 | D:15     | Noticed rbyellow5's ghost (journeyman OpFi)
 20802 | D:15     | Found a runed translucent gate.
 20823 | D:15     | Received a gift from Okawaru
 20830 | D:15     | Killed rbyellow5's ghost
 20836 | D:15     | Identified the +2 pair of boots of Teerghuh {+Blink rPois
                  | Int+4}
 20864 | D:15     | Found Mese's Weapon Shoppe.
 20895 | D:15     | Found Gosakaija's Armour Shoppe.
 20951 | D:15     | Found Jaoz's Book Shoppe.
 20953 | D:15     | Found Cizaps's Magic Scroll Emporium.
 20955 | D:15     | Found Toschopyck's Magic Scroll Boutique.
 20962 | D:15     | Bought a scroll of blinking for 112 gold pieces
 20983 | D:15     | Bought a scroll of enchant weapon for 127 gold pieces
 20983 | D:15     | Bought a scroll of enchant weapon for 127 gold pieces
 20989 | D:15     | Bought a scroll of enchant armour for 127 gold pieces
 21056 | D:15     | Found an opulent altar of Gozag.
 21103 | D:15     | Noticed Roxanne
 21551 | Orc:1    | Entered Level 1 of the Orcish Mines
 21552 | Orc:1    | Found a roughly hewn altar of Beogh.
 21560 | Orc:1    | Reached skill level 15 in Shields
 21696 | Orc:2    | Entered Level 2 of the Orcish Mines
 21946 | Orc:2    | Found Egeceli's General Store.
 21946 | Orc:2    | Found Okhlaokapp's General Store.
 22020 | Orc:2    | Bought a potion of haste for 110 gold pieces
 22022 | Orc:2    | Bought a potion of might for 56 gold pieces
 22022 | Orc:2    | Bought a scroll of enchant armour for 105 gold pieces
 22094 | Orc:2    | Received a gift from Okawaru
 22138 | Orc:2    | Reached skill level 6 in Dodging
 22187 | Orc:2    | Found Tekh's Jewellery Boutique.
 22187 | Orc:2    | Found Huckucis's Antique Armour Shop.
 22187 | Orc:2    | Found a one-way gate leading to the halls of Pandemonium.
 22191 | Orc:2    | Bought a glowing helmet for 210 gold pieces
 22243 | Orc:2    | Reached skill level 12 in Armour
 22550 | Orc:2    | Found a staircase to the Elven Halls.
 23045 | Snake:1  | Entered Level 1 of the Snake Pit
 23047 | Snake:1  | Identified the serpent talisman of Bad Feelings {rN+ Str+2
                  | Int+4}
 23047 | Snake:1  | Noticed Aizul
 23252 | Lair:2   | Reached skill level 13 in Armour
 23291 | Snake:1  | Killed Aizul
 23338 | Snake:1  | Received a gift from Okawaru
 23360 | Snake:1  | Noticed Frances
 23408 | Snake:1  | Killed Frances
 23552 | Snake:1  | Reached XP level 16. HP: 100/139 MP: 15/24
 23576 | Snake:1  | Reached skill level 14 in Armour
 23748 | Snake:2  | Received a gift from Okawaru
 23976 | Snake:2  | Reached skill level 15 in Armour
 23985 | Snake:2  | Identified the +7 rapier "Juateoc" {pain, rElec Will++
                  | rCorr Str-2}
 24010 | Snake:2  | HP: 32/139 [shock serpent (12)]
 24144 | Snake:1  | Acquired the scarf "Mefuph" {repulsion, Fly Int-5 Dex+3}
 24144 | Snake:1  | Received a gift from Okawaru
 24177 | Snake:2  | Noticed Saint Roka
 24198 | Snake:2  | Killed Saint Roka
 24198 | Snake:2  | Received a gift from Okawaru
 24205 | Snake:2  | Reached skill level 13 in Fighting
 24318 | Snake:1  | ty
 24506 | Snake:3  | Reached skill level 14 in Fighting
 24541 | Snake:4  | Entered Level 4 of the Snake Pit
 24542 | Snake:4  | Received a gift from Okawaru
 24605 | Snake:4  | Reached skill level 15 in Fighting
 24665 | Snake:4  | Reached skill level 12 in Invocations
 24667 | Snake:4  | Received a gift from Okawaru
 24783 | Snake:4  | Reached skill level 13 in Invocations
 24817 | Snake:4  | Reached XP level 17. HP: 105/156 MP: 18/27
 24842 | Snake:4  | Reached skill level 14 in Invocations
 24845 | Snake:4  | Received a gift from Okawaru
 24929 | Snake:4  | Found an iron altar of Okawaru.
 24947 | Snake:4  | Got a jade gem with 698 turns to spare
 24966 | Snake:4  | Got a serpentine rune of Zot
 25107 | Snake:4  | Reached skill level 15 in Invocations
 25398 | Snake:4  | Found Ileab's General Store.
 25400 | Snake:4  | Found Sont's Antique Weapon Boutique.
 25401 | Snake:4  | Found Bojin's Weapon Boutique.
 25402 | Snake:4  | Found Avulo's Weapon Boutique.
 25740 | Snake:3  | Received a gift from Okawaru
 25882 | Snake:3  | Noticed Vashnia
 25934 | Snake:3  | Killed Vashnia
 25995 | Snake:3  | Found Ejineteh's Jewellery Shop.
 25997 | Snake:3  | Found Syeni's Armour Boutique.
 25999 | Snake:3  | Found Yptonlito's Antique Weapon Shop.
 26465 | Snake:2  | Found a bloodstained altar of Trog.
 26465 | Snake:2  | Noticed Usydixif's ghost (adept MDNe)
 26479 | Snake:2  | Found a transporter.
 26482 | Snake:2  | Found a transporter.
 26607 | Snake:2  | Received a gift from Okawaru
 27073 | Shoals:1 | Entered Level 1 of the Shoals
 27080 | Shoals:1 | Reached skill level 7 in Dodging
 27082 | Shoals:1 | Identified the +1 leather armour of Okawaru's Vengeance
                  | {Rampage rF- MP+9 Str+4}
 27165 | Shoals:2 | Noticed Polyphemus
 27199 | Shoals:1 | Reached skill level 16 in Armour
 27199 | Shoals:1 | Reached skill level 16 in Shields
 27214 | Shoals:2 | Killed Polyphemus
 27238 | Shoals:2 | Received a gift from Okawaru
 27329 | Shoals:3 | Found Cemum's Weapon Shop.
 27364 | Shoals:4 | Entered Level 4 of the Shoals
 27447 | Shoals:4 | Received a gift from Okawaru
 27470 | Shoals:4 | Got a barnacled rune of Zot
 27472 | Shoals:4 | Got an azure gem with 1381 turns to spare
 27507 | Shoals:4 | Reached XP level 18. HP: 137/163 MP: 17/29
 27551 | Shoals:4 | Reached skill level 17 in Armour
 27551 | Shoals:4 | Reached skill level 17 in Shields
 27558 | Shoals:4 | Identified the amulet of Tuloam {Reflect rPois Str+3 Dex+4
                  | SH+5 Stlth+}
 27692 | Shoals:4 | Identified the +10 longbow "Cookie Cutter" {speed, rPois}
 27788 | Shoals:4 | Received a gift from Okawaru
 28312 | Shoals:2 | Found Cuyn's Antique Armour Boutique.
 28476 | Shoals:2 | Noticed Ilsuiw
 28487 | Shoals:2 | Killed Ilsuiw
 28580 | Shoals:1 | Reached skill level 18 in Shields
 28599 | Shoals:1 | Received a gift from Okawaru
 28600 | Shoals:1 | Reached skill level 18 in Armour
 28684 | Shoals:1 | Found a stormy altar of Qazlal.
 29036 | Lair:4   | Killed Livid's ghost
 29244 | Elf:1    | Entered Level 1 of the Elven Halls
 29406 | Elf:1    | Found Ful Esi's General Store.
 29419 | Elf:1    | Bought a scroll of enchant weapon for 142 gold pieces
 29445 | Elf:1    | Reached skill level 16 in Fighting
 29525 | Elf:1    | Received a gift from Okawaru
 29606 | Elf:1    | Paralysed by an air elemental for 1 turns
 30081 | Vaults:1 | Entered Level 1 of the Vaults
 30100 | Vaults:1 | Found Saluaxuwe's Book Shop.
 30164 | Vaults:1 | Reached skill level 17 in Fighting
 30196 | D:14     | Reached XP level 19. HP: 106/177 MP: 21/30
 30233 | Vaults:1 | Received a gift from Okawaru
 30477 | Vaults:1 | Reached skill level 18 in Fighting
 30952 | Vaults:1 | Reached skill level 18 in Axes
 30953 | Vaults:1 | Received a gift from Okawaru
 31294 | Vaults:2 | Reached skill level 8 in Dodging
 31323 | Vaults:2 | Found Dappulai's Distillery.
 31331 | Vaults:2 | Bought a potion of heal wounds for 105 gold pieces
 31331 | Vaults:2 | Bought a potion of heal wounds for 105 gold pieces
 31331 | Vaults:2 | Bought a potion of haste for 210 gold pieces
 31480 | Vaults:2 | Found Alyics's General Store.
 31502 | Vaults:2 | Bought a potion of might for 48 gold pieces
 31502 | Vaults:2 | Bought a scroll of enchant armour for 90 gold pieces
 31884 | Vaults:2 | Reached skill level 9 in Dodging
 31884 | Vaults:2 | Received a gift from Okawaru
 31886 | Vaults:2 | Paralysed by a sphinx for 3 turns
 32409 | Vaults:3 | Reached skill level 19 in Shields
 32796 | Vaults:3 | Found a runed translucent gate.
 32796 | Vaults:3 | Found a runed translucent gate.
 32797 | Vaults:3 | Found a runed translucent gate.
 32806 | Vaults:3 | Received a gift from Okawaru
 32848 | Vaults:3 | HP: 3/179 [ironbound thunderhulk/bolt of lightning (49)]
 32849 | Vaults:3 | Killed from afar by an ironbound thunderhulk

Levels and vault maps discovered:
D:1:      lightli_arrival_windingriver, layout_loops_ring, serial_forest,
          infiniplex_forest_straight_4, infiniplex_forest_lined_room_,
          infiniplex_forest_straight_2, infiniplex_forest_straight_1,
          infiniplex_forest_clump_long, infiniplex_forest_clump_medium,
          infiniplex_forest_clump_long, infiniplex_forest_end_double,
          glass_columns_c
D:2:      layout_loops_ring, minmay_goblin_kobold_house
D:3:      layout_loops_corners, mainiacjoe_overflow_alcove_4,
          nzn_wu_jian_council_hall, serial_undead, serial_undead_b,
          serial_undead_b, serial_undead_d, serial_undead_e,
          serial_bayou_crossing
D:4:      layout_cave_pools, zin_statuary, okawaru_trees_2,
          mainiacjoe_overflow_cross_hatched, uniq_menkaure
D:5:      layout_loops_ring, tgw_trog, minmay_temple_entry_glass,
          minmay_manual_mess
D:6:      layout_cave_pools, nicolae_dithmenos_shadow_blocks, serial_shops,
          shop, serial_gnoll_camp, gnoll_camp_mini_basic, gnoll_camp_huts_moat,
          gnoll_camp_mini_loothouse, gnoll_camp_mini_hut,
          gnoll_camp_mini_sergeant, chequers_serial_rivers_micro_b,
          chequers_serial_rivers_micro_a
D:7:      layout_cave_pools, led_sif_book, mainiacjoe_overflow_boulevard,
          fedhas_altar_4, uniq_maggie
D:8:      layout_rooms, mainiacjoe_overflow_24_doors,
          nicolae_ru_the_path_less_chosen, mainiacjoe_overflow_alcove_1
D:9:      layout_stronghold, mainiacjoe_overflow_small_starburst,
          grunt_decor_junction, uniq_jeremiah
D:10:     layout_irregular_city, mainiacjoe_overflow_six_doors_small,
          orc_0_dummy, serial_shops, nicolae_shop_advertising_works
          [nicolae_subvault_shop_adworks], kennysheep_mini_moat, shop_statue,
          nicolae_shop_window_shopping, shop
D:11:     layout_long_grid, serial_shops, nicolae_shop_tiny_real_fake_doors,
          shop
D:12:     layout_roguey, gauntlet_entry_generic
D:13:     layout_loops_ring, uniq_jorgrun
D:14:     minmay_the_grid_square_5x5_3x3 [minmay_the_grid_square_5x5_inner_v,
          minmay_the_grid_square_5x5_intrusive_squares,
          minmay_the_grid_square_5x5_minimal, minmay_the_grid_square_5x5_spiral,
          minmay_the_grid_square_5x5_megaprize_hollow,
          minmay_the_grid_square_5x5_bracketed,
          minmay_the_grid_square_5x5_detours,
          minmay_the_grid_square_5x5_gyroscope,
          minmay_the_grid_square_5x5_inner_i], layout_loops_ring,
          grunt_vaults_entry_tiered, ashenzari_conservatory_becter, uniq_nessos,
          uniq_rupert
D:15:     gammafunk_depths_entry_grave, layout_irregular_city, serial_shops,
          nicolae_shop_scrapyard, gammafunk_ghost_hydra_chop, hex_medium,
          minmay_misc_feat_alley, nicolae_wooded_promenade,
          grunt_gozag_breadcrumbs, uniq_roxanne
Temple:   corrupted_temple
Lair:1:   layout_layer_cave, gammafunk_ghost_hive
Lair:2:   layout_cave_shapes, shoals_dummy_entry,
          nicolae_snake_entry_warm_welcome, basic_altar,
          nicolae_quartered_pool_impasse
Lair:3:   layout_cave_shapes
Lair:4:   beast_lair_carwin_large_1, layout_long_grid, gammafunk_ghost_split
Lair:5:   minmay_lair_end_enchanted_forest, layout_gridlike,
          minmay_slime_entry_oklob_open, grunt_forest_small_clearing_treed
Shoals:1: layout_shoals, lemuel_centaur_altar
Shoals:2: layout_shoals, serial_shops, nicolae_shop_tiny_statue_garden,
          nicolae_shoals_loop_pool, uniq_ilsuiw, uniq_polyphemus
Shoals:3: layout_shoals, serial_shops, nicolae_shop_rolling_square
Shoals:4: shoals_end_simple, layout_shoals, nicolae_shoals_spectral_cove
Snake:1:  layout_gridlike, special_room, uniq_frances, uniq_aizul
Snake:2:  nicolae_snake_hallway, layout_rooms,
          gammafunk_ghost_wrathful_warriors, uniq_saint_roka
Snake:3:  layout_cave_shapes, minmay_shop_star, serial_bayou_shore_b,
          uniq_vashnia
Snake:4:  grunt_snake_rune_serpentine_throne, layout_misc_corridors,
          grunt_ministairs_12, minmay_shop_grid_forest
Orc:1:    layout_caves, basic_altar
Orc:2:    pf_orc_diabolical, layout_diamond_mine
Elf:1:    layout_loops_ring, serial_shops,
          nicolae_shop_competitors_out_of_business, minmay_elf_crystal_hexagon
Elf:2:    elven_hall_of_blades_hangedman_original [nicolae_blade_bullseye],
          layout_loops_ring
Vaults:1: nicolae_vaults_double_plus_1, hangedman_vaults_capsules,
          nicolae_vaults_doubleplus_tesselated,
          nicolae_vaults_offset_grid_hallway_2, nicolae_vaults_what_the_h,
          nicolae_vaults_cochlea, layout_vaults_omnicross, serial_shops,
          shop_statue
Vaults:2: vaults_room_mumra_shop_pool, nicolae_vaults_crenellated_ambush,
          v_misc_4, nicolae_vaults_wrenched, hangedman_vaults_maws,
          nicolae_vaults_double_plus_2, nicolae_vaults_weapon_check,
          hangedman_vaults_corner_blocks, ontoclasm_vaults_decontamination,
          nicolae_vaults_storage_closets_3, v_misc_5, layout_vaults_ring,
          serial_shops, shop
Vaults:3: gammafunk_ghost_fury_of_okawaru, nicolae_vaults_trapezoid_1, v_misc_5,
          v_misc_30, vaults_room_large_hall, nicolae_vaults_tangram_2,
          nicolae_vaults_variable_pillar_hall, blue_anna_dwarven_crypt,
          ontoclasm_vaults_spin, vaults_room_hallway,
          nicolae_vaults_closet_pinwheel_1, nicolae_vaults_frosty_reception,
          nicolae_vaults_storage_closets_1, nicolae_vaults_apartment_2,
          ontoclasm_vaults_idyll, layout_vaults_omnibox

Action                     |  1- 3 |  4- 6 |  7- 9 | 10-12 | 13-15 | 16-18 | 19-21 || total
---------------------------+-------+-------+-------+-------+-------+-------+-------++-------
  Melee: Dagger            |   135 |   168 |    22 |   166 |     2 |       |       ||   493
         War axe           |       |    39 |   368 |       |       |       |       ||   407
         Hand axe          |       |       |    92 |   687 |       |       |       ||   779
         Flail             |       |       |       |    43 |    52 |       |       ||    95
         Broad axe         |       |       |       |     6 |   822 |   933 |   305 ||  2066
         Staff             |       |       |       |       |     1 |       |       ||     1
         Rapier            |       |       |       |       |       |     9 |       ||     9
  Throw: Boomerang         |       |    12 |    35 |    60 |    29 |       |       ||   136
         Dart              |       |     2 |     6 |    52 |     5 |       |       ||    65
         Throwing net      |       |       |     3 |     1 |       |       |       ||     4
   Cast: Ensorcelled Hiber |    10 |    15 |       |       |       |       |       ||    25
         Slow              |     2 |    13 |    48 |     1 |       |       |       ||    64
 Invoke: Heroism           |       |       |    10 |    14 |    16 |    18 |     2 ||    60
         Finesse           |       |       |       |       |     1 |       |       ||     1
         Receive Armour    |       |       |       |       |       |     1 |       ||     1
  Evoke: Wand              |       |       |     8 |    18 |     7 |     1 |       ||    34
    Use: Scroll            |       |     5 |     4 |    14 |    13 |    12 |       ||    48
         Potion            |       |     2 |     4 |     6 |     6 |     2 |     1 ||    21
   Stab: Sleeping          |    11 |     5 |       |     1 |       |     4 |       ||    21
         Paralysed         |       |       |     3 |     9 |     3 |       |       ||    15
         Held in net/web   |       |       |     1 |       |       |       |       ||     1
 Armour: Robe              |    31 |       |       |       |       |       |       ||    31
         Ring mail         |    51 |   158 |   311 |       |       |       |       ||   520
         Steam dragon scal |       |       |     3 |   284 |   226 |       |       ||   513
         Plate armour      |       |       |       |   263 |   270 |       |       ||   533
         Scale mail        |       |       |       |       |   248 |   778 |   187 ||  1213
  Dodge: Dodged            |    56 |   137 |   202 |   262 |   301 |   271 |    69 ||  1298
  Block: Buckler           |       |       |    62 |   155 |    48 |       |       ||   265
         Tower shield      |       |       |       |       |   684 |  1564 |   448 ||  2696
         Kite shield       |       |       |       |       |    13 |       |       ||    13
         Reflection        |       |       |       |       |       |   173 |    40 ||   213
